[Event "*** Titled Tuesday Blitz"]
[Site "Chess.com"]
[Date "2020.05.12"]
[Round "5"]
[White "BaMBoMaTTo"]
[Black "Manukyan_Artak"]
[Result "1/2-1/2"]
[WhiteElo "2640"]
[BlackElo "2432"]
[TimeControl "180+1"]
[EndTime "10:57:19 PDT"]
[Termination "Game drawn - insufficient material"]

1. d4 Nf6 2. c4 e6 3. g3 d5 4. Nf3 dxc4 5. Bg2 c5 6. O-O Nc6 7. Qa4 Bd7 8. Qxc4 cxd4 9. Nxd4 Nxd4 10.
Qxd4 Bc6 11. Bxc6+ bxc6 12. Qa4 Qb6 13. Be3 Qb5 14. Nc3 Qxa4 15. Nxa4 Nd5 16. Bd4 f6 17. e4 Ne7 18. Rac1 e5 19. Be3 g5 20. Rfd1 Rd8 21. Rxd8+ Kxd8 22. Bxa7 Kc7 23. Bc5 Ng6 24. Bxf8 Rxf8 25. Nc5 Ra8 26. a4 Kd6 27. b4 Nf8 28. Rd1+ Ke7 29. a5 Ra7 30. Kf1 Ne6 31. Nxe6 Kxe6 32. Rc1 Kd6 33. Ke2 Rb7 34. Rc4 h5 35.
Kd3 Rh7 36. Rc2 h4 37. a6 Ra7 38. Ra2 Kc7 39. Kc4 Kb6 40. g4 Rxa6 41. Rd2 h3 42. Rd3 Ra2 43. Rf3 Re2 44. Kd3 Rb2 45. Rxf6 Rxb4 46.
Rf5 Rb2 47. Ke3 Rb3+ 48. Ke2 Rb2+ 49. Ke3 Rb3+ 50. Kd2 Rb2+ 51. Kc3 Re2 52. Kd3 Ra2 53. Rxe5 Rxf2 54. Rxg5 Rxh2 55. Rh5 Rg2 56. g5 h2 57. Ke3 Rxg5 58. Rxh2 Rg1 59. Kd4 c5+ 60. Kd5 Rd1+ 61. Ke6 c4 62. e5 Re1 63. Rh8 Kc5 64. Rc8+ Kd4 65. Rd8+ Kc3 66. Kf6 Kb2 67. e6 c3 68. Rb8+ Kc1 69. e7 c2 70. Kf7 Rxe7+ 71. Kxe7 Kd2 72. Rd8+ Kc3 73. Rc8+ Kd2 74. Rd8+ Kc3 75.
Rc8+ Kd2 76. Rxc2+ Kxc2 1/2-1/2

[Event "*** Titled Tuesday Blitz"]
[Site "Chess.com"]
[Date "2020.05.12"]
[Round "5"]
[White "warmoatmeal"]
[Black "Azoulas1"]
[Result "1-0"]
[WhiteElo "2215"]
[BlackElo "1911"]
[TimeControl "180+1"]
[EndTime "10:57:19 PDT"]
[Termination "warmoatmeal won on time"]

1. Nf3 Nf6 2. d4 e6 3. Bg5 Be7 4. e3 h6 5. Bh4 O-O 6. Nbd2 c5 7. c3 Nc6 8. Bd3 d5 9. O-O b6 10. Ne5 Nxe5 11. dxe5 Nd7 12. Bxe7 Qxe7 13. f4 Bb7 14. Nf3 Rfd8 15. Qe2 Nf8 16. Rad1 Rac8 17. e4 c4 18. Bc2 dxe4 19. Bxe4 Bxe4 20. Qxe4 Qc5+ 21. Kh1 a5 22. Qb7 b5 23. a3 Rc7 24.
Qe4 Rcd7 25. Rxd7 Rxd7 26. Nd4 b4 27. axb4 axb4 28. f5 exf5 29. Qxf5 bxc3 30. bxc3 Qd5 31. h3 Rb7 32. Qg4 Re7 33. Nf5 Qxe5 34. Nxe7+ Qxe7 35. Qxc4 Ne6 36. Qc8+ Kh7 37. c4 Ng5 38. Qf5+ g6 39. Qd5 Qe2 40. Rf6 Qb2 41. Rxf7+ Nxf7 42. Qxf7+ Kh8 43.
Qf8+ Kh7 44. Qf7+ Kh8 45. Qxg6 Qc1+ 46. Kh2 Qf4+ 47. Kg1 Qc1+ 48. Kf2 Qf4+ 49. Kg1 Qc1+ 50. Kh2 Qf4+ 51. Qg3 Qxc4 52. Qe5+ Kh7 53. Qe7+ Kh8 54. Qf6+ Kh7 55. Qf3 Qc7+ 56. g3 Qc2+ 57. Qg2 Qf5 58. h4 Qg4 59. Qb7+ Kh8 60. Qg2 Kh7 61.
Qc2+ Kh8 62. Qf2 Kh7 63. Kg2 h5 64. Qf3 Qg6 65. Kh3 Qe6+ 66. Kg2 Qa2+ 67. Qf2 Qd5+ 68. Kh2 Qe5 69. Qc2+ Kh8 70. Qc8+ Kh7 71. Qb7+ Kh8 72. Qf3 Kh7 73. Kh3 Kh8 74. g4 1-0

[Event "*** Titled Tuesday Blitz"]
[Site "Chess.com"]
[Date "2020.05.12"]
[Round "5"]
[White "The_Machine04"]
[Black "kingnb"]
[Result "0-1"]
[WhiteElo "2314"]
[BlackElo "2487"]
[TimeControl "180+1"]
[EndTime "10:57:20 PDT"]
[Termination "kingnb won on time"]

1. d4 d6 2. Nf3 Bg4 3. Nbd2 Nd7 4. h3 Bh5 5. e4 e5 6. c3 Ngf6 7. Be2 Be7 8. dxe5 dxe5 9. O-O O-O 10. Re1 c6 11. a4 Qc7 12. Nh2 Bxe2 13. Qxe2 Rad8 14. Nhf1 Rfe8 15. Ne3 Nc5 16. Nf5 Bf8 17. b4 Nd3 18.
Rd1 g6 19. Ng3 Bh6 20. Nb3 Nxc1 21. Nxc1 Rxd1+ 22. Qxd1 Rd8 23. Qe2 Rd2 24. Qf3 Qd6 25. Nb3 Rd3 26. Qe2 Bf4 27. Nf1 Rxc3 28. Nc5 b6 29. Rd1 Qe7 30. Na6 Qe6 31. a5 Qc4 32. Qxc4 Rxc4 33. g3 Bh6 34. f3 Bf8 35. axb6 axb6 36. Rd8 Kg7 37. Rc8 Rc3 38. Kg2 Ra3 39. Nb8 Ra2+ 40. Kg1 c5 41. b5 c4 42. Na6 Rc2 43.
Ne3 Rc1+ 44. Kf2 c3 45. Ke2 Nd7 46. Kd3 Nc5+ 47. Nxc5 Bxc5 48. Nd5 Rf1 49. Rxc5 bxc5 50. b6 Rb1 51. Kxc3 f5 52. Kc4 Rc1+ 53. Kb5 c4 54. b7 Rb1+ 55. Nb4 c3 56. b8=Q Kh6 57.
Qf8+ Kh5 58. exf5 c2 59. g4+ Kh4 60. Qh6+ Kg3 61. fxg6 hxg6 0-1

[Event "*** Titled Tuesday Blitz"]
[Site "Chess.com"]
[Date "2020.05.12"]
[Round "5"]
[White "MalakhovKirill"]
[Black "etesungam"]
[Result "0-1"]
[WhiteElo "2626"]
[BlackElo "2435"]
[TimeControl "180+1"]
[EndTime "10:57:21 PDT"]
[Termination "etesungam won by resignation"]

1. e4 e5 2. d4 exd4 3. Qxd4 Nc6 4. Qe3 Nf6 5. Nc3 Bb4 6. Bd2 O-O 7. O-O-O Re8 8. Bc4 Na5 9. Bd3 d5 10. Qg3 d4 11.
Nb1 Bxd2+ 12. Nxd2 c5 13. f4 Ng4 14. e5 g6 15. Ngf3 Be6 16. h3 Ne3 17. Ne4 Nac4 18. Nf6+ Kg7 19. Qh4 h6 20. Bxc4 Nxc4 21. Nxe8+ Qxe8 22. Qf6+ Kg8 23. Rhe1 Qa4 24. a3 Qb5 25. b3 Ne3 26.
Rxe3 dxe3 27. Rd8+ Rxd8 28. Qxd8+ Kh7 29. Qd3 Qxd3 30.
cxd3 Bxb3 31. g4 Bd5 32. Ne1 Bb3 33. Ng2 e2 34. Kd2 Bd1 35. Ne3 Kg7 36. Nxd1 exd1=Q+ 37. Kxd1 Kf8 38. Kd2 Ke7 39. f5 gxf5 40. gxf5 b5 41.
Kc3 Kd7 42. d4 c4 43. d5 a6 44. Kb4 Ke8 45. Kc3 Kd7 46. h4 Ke7 47. f6+ Kd7 48.
Kb4 Ke8 49. e6 fxe6 50. dxe6 Kf8 51. Kc3 Ke8 52. Kd4 Kf8 53. Ke5 c3 54. Kd6 c2 55.
Kd7 c1=Q 56. e7+ Kf7 57. e8=Q+ Kxf6 58. Qe6+ Kg7 59. Qe5+ Kg6 60. Qe6+ Kh5 61. Qe4 Qd2+ 62. Kc6 Qc3+ 63. Kb6 Qc4 64. Qe8+ Kxh4 65. Kxa6 b4+ 66. Ka5 b3 67. Qe7+ Kg4 68. Qd7+ Kf4 69. Qd6+ Ke4 70.
Qg6+ Kd4 71. Qg4+ Kc3 72. Qf3+ Kb2 73. Qf2+ Qc2 74. Qd4+ Qc3+ 75. Qxc3+ Kxc3 76. Kb5 b2 77. a4 b1=Q+ 0-1

[Event "*** Titled Tuesday Blitz"]
[Site "Chess.com"]
[Date "2020.05.12"]
[Round "5"]
[White "AminMolaei"]
[Black "Savva09022009"]
[Result "1-0"]
[WhiteElo "2531"]
[BlackElo "2385"]
[TimeControl "180+1"]
[EndTime "10:57:21 PDT"]
[Termination "AminMolaei won on time"]

1. d4 Nf6 2. c4 e6 3. g3 d5 4.
Bg2 dxc4 5. Nf3 a6 6. a4 Nc6 7.
O-O Be7 8. Qc2 Na5 9. Nbd2 O-O 10. Nxc4 Nxc4 11. Qxc4 Rb8 12. Bf4 Nd5 13. Rfc1 Nxf4 14.
gxf4 Bd6 15. e3 b5 16. axb5 axb5 17. Qc2 Bb7 18. Ng5 g6 19. Bxb7 Rxb7 20. Ne4 f5 21. Ng5 Qd7 22. Qb3 Re8 23. d5 Rb6 24. Ra7 Qe7 25.
Nxe6 Qh4 26. Nxc7 Qg4+ 27. Kf1 Qh3+ 28. Ke1 Re7 29. Ra8+ Kg7 30. Ne6+ Kh6 31. Qc3 Qg2 32. Qf6 Qg1+ 33. Ke2 Qg4+ 34. Kd3 Rxe6 35. Qg5+ Qxg5 36. fxg5+ Kxg5 37. dxe6 Be7 38. Rh8 h5 39. Re8 Kf6 40.
Rc7 Rd6+ 41. Kc3 Rxe6 42. Kb3 Kf7 43. Rb8 Re5 44. Rbb7 Kf6 45. Rc6+ Kf7 46. Rbb6 g5 47. Rh6 h4 48. Rh7+ Kg8 49. Rh5 Kg7 50. Rhh6 g4 51. Rbg6+ Kf7 52. Rc6 h3 53. Rh7+ Kg8 54. Rh5 Kf7 55. Rh7+ Kg8 56. Rhh6 Kg7 57. Rhe6 Rxe6 58.
Rxe6 Kf7 59. Re5 Kf6 60. Rxb5 Kg5 61. Kc4 Bd6 62. e4 Bxh2 63. Rxf5+ Kg6 64. Rf8 Be5 65. Rd8 Bxb2 66. Rd1 h2 67. Kd5 Kg5 68. e5 Kf4 69. e6 Kf3 70. e7 1-0

[Event "*** Titled Tuesday Blitz"]
[Site "Chess.com"]
[Date "2020.05.12"]
[Round "5"]
[White "Igor_Lysyj"]
[Black "MightyGMpretender"]
[Result "1-0"]
[WhiteElo "2792"]
[BlackElo "2582"]
[TimeControl "180+1"]
[EndTime "10:57:22 PDT"]
[Termination "Igor_Lysyj won by resignation"]

1. d4 Nf6 2. c4 e6 3. Nf3 d5 4.
g3 Bb4+ 5. Bd2 Bd6 6. Bg2 O-O 7. Bg5 Nbd7 8. c5 Be7 9. O-O c6 10. Qc2 b6 11. cxb6 Qxb6 12. Nc3 Ba6 13. Rfc1 Rac8 14. Ne5 Qb7 15. Nxd7 Qxd7 16. Na4 h6 17. Bxf6 gxf6 18. e3 Rc7 19. Nc5 Bxc5 20. Qxc5 Rb8 21. b3 Bb5 22.
Rc3 Rb6 23. Rac1 Qd8 24. Qa3 Ra6 25. Qb2 Rb6 26. Rc5 Qd6 27. Qc3 Kg7 28. h4 Ba6 29. Bf3 Bb5 30. a4 Ba6 31. a5 Rbb7 32. Rxc6 Rxc6 33. Qxc6 Qxc6 34. Rxc6 Bb5 35. Rc5 Kf8 36. e4 dxe4 37. Bxe4 Rb8 38. Rc7 a6 39. d5 Rd8 40. dxe6 fxe6 41. Bg6 Rd7 42. Rxd7 Bxd7 43.
Bd3 Bc8 44. f4 Ke7 45. Kf2 Kd6 46. b4 Kd5 47. Ke3 e5 48. Be2 exf4+ 49. Kxf4 Kd4 50. b5 axb5 51. Bxb5 Kc5 52. Be2 Kc6 53. Bd3 Kc5 54.
Bf5 Ba6 55. Be6 Bd3 56. Bc8 Kc6 57. a6 Kb6 58. Bb7 Ka7 59. Be4 Bxa6 60. Kf5 Kb6 61. Kxf6 Kc5 62. Kg7 Kd4 63. Bg6 Ke3 64. Kxh6 Kf3 65.
Kg5 Kxg3 66. h5 Bc4 67. h6 Bg8 68. Bb1 Kh3 69. Bc2 Kg3 70. Bf5 Kf3 71. Bc8 Kg3 72.
Bg4 Bh7 73. Bf5 Bg8 74. Kf6 Kh4 75. Kg7 Kg5 76. Bg6 1-0

[Event "*** Titled Tuesday Blitz"]
[Site "Chess.com"]
[Date "2020.05.12"]
[Round "5"]
[White "Niclox"]
[Black "temus_galaktionov"]
[Result "1-0"]
[WhiteElo "2592"]
[BlackElo "2737"]
[TimeControl "180+1"]
[EndTime "10:57:22 PDT"]
[Termination "Niclox won by resignation"]

1. e4 c6 2. d4 g6 3. h4 Bg7 4. h5 d6 5. h6 Bf6 6. f4 e5 7. Nf3 exd4 8. Nxd4 Bh4+ 9. Ke2 Bg4+ 10. Nf3 Bf6 11.
Kf2 Qb6+ 12. Kg3 Bxf3 13. gxf3 Bxb2 14. Bxb2 Qxb2 15. Nd2 Qd4 16. Rb1 b6 17. Nc4 Qxd1 18.
Rxd1 d5 19. exd5 cxd5 20. Rxd5 Nf6 21. Re5+ Kf8 22. Bh3 Nc6 23. Re3 Rd8 24. Ne5 Nb4 25. c4 Nc2 26. Rc3 Nd4 27. Ra3 a5 28. Kh4 Ng8 29.
Nd7+ Ke7 30. Nxb6 Nxh6 31. Rxa5 Nxf3+ 32. Kg3 Nd4 33. Re1+ Kf8 34. Rd5 Nhf5+ 35. Bxf5 Nxf5+ 36. Kf2 Kg7 37. a4 Rb8 38. a5 Rb7 39. c5 Rc7 40. a6 Ra7 41. Ra1 Rb8 42. Rd7 Rxd7 43. Nxd7 Rb2+ 44.
Kf3 Nd4+ 45. Ke4 Nb5 46. a7 Nxa7 47. Rxa7 Rc2 48. Rc7 h5 49. Ne5 h4 50. Rxf7+ Kg8 51. Rf6 h3 52. Rxg6+ Kh7 53. Rg1 Rxc5 54. Rh1 Rc3 55.
Nf3 Kg6 56. Rxh3 Kf6 57. Rh6+ Kg7 58. Ra6 Rb3 59. Ne5 Rb8 60. f5 Rf8 61. Rg6+ Kh7 62. Rg1 Rf6 63. Kf4 Kh6 64. Rg6+ Rxg6 65. fxg6 Kg7 66.
Kg5 Kg8 67. Kf6 Kf8 68. Nf7 Kg8 69. Nh6+ Kf8 70. g7+ Ke8 71. g8=Q+ Kd7 72. Qd5+ 1-0

[Event "*** Titled Tuesday Blitz"]
[Site "Chess.com"]
[Date "2020.05.12"]
[Round "5"]
[White "Kimster98"]
[Black "DLR7"]
[Result "1-0"]
[WhiteElo "2572"]
[BlackElo "2707"]
[TimeControl "180+1"]
[EndTime "10:57:23 PDT"]
[Termination "Kimster98 won by resignation"]

1. d4 Nf6 2. Bf4 d5 3. e3 c5 4. c3 Nc6 5. Nd2 Bf5 6. Ngf3 e6 7. Qb3 Qb6 8. Qxb6 axb6 9. Bb5 Nd7 10. Ne5 Ndxe5 11. Bxe5 Kd7 12. f3 Bd6 13. Bxd6 Kxd6 14.
e4 Bg6 15. e5+ Kc7 16. Nb3 c4 17. Nd2 Na7 18. Ba4 b5 19. Bd1 Nc6 20. a3 b4 21.
cxb4 Nxb4 22. O-O Nd3 23. b3 c3 24. Nb1 b5 25. Nxc3 b4 26. Na4 bxa3 27. Rxa3 Rhb8 28.
Bc2 Nb4 29. Bxg6 hxg6 30. Rc1+ Kd8 31. Rc3 Ra6 32. Ra1 Nc6 33. Rd1 Na5 34. Nc5 Rab6 35. Rdd3 Nc6 36. Kf2 Nb4 37. Rd2 Ke7 38. Ke3 Ra8 39.
Na4 Rb7 40. Rd1 f6 41. f4 g5 42. g3 gxf4+ 43. gxf4 fxe5 44. fxe5 Rh8 45. Rd2 Rh3+ 46.
Kf4 Rxc3 47. Nxc3 Nc6 48. Rg2 Kf7 49. Rb2 Nxd4 50. b4 Rc7 51. Na4 Rc4 52. Kg3 Nf5+ 53. Kf3 Rh4 54. Nc5 Nd4+ 55. Kg2 Nf5 56. b5 Ne3+ 57. Kf3 Nc4 58. b6 Nxb2 59. Na6 Nc4 60. b7 Nxe5+ 61. Kg3 Rg4+ 62. Kh3 Rb4 63. Nxb4 Nd7 64.
Nc6 Kf6 65. Kg3 e5 66. Kf3 Kf5 67. b8=Q Nxb8 68. Nxb8 g5 69. Nc6 d4 70. h3 e4+ 71.
Kf2 Kf4 72. Nxd4 e3+ 73. Kg2 Ke4 74. Ne2 Kd3 75. Kf3 Kd2 76. Ng3 Ke1 77. Kxe3 g4 78.
hxg4 Kd1 79. g5 1-0

[Event "*** Titled Tuesday Blitz"]
[Site "Chess.com"]
[Date "2020.05.12"]
[Round "5"]
[White "Biranidun"]
[Black "TengisChess"]
[Result "1-0"]
[WhiteElo "2681"]
[BlackElo "2492"]
[TimeControl "180+1"]
[EndTime "10:57:23 PDT"]
[Termination "Biranidun won by resignation"]

1. e4 c6 2. d4 d5 3. e5 Bf5 4.
Nf3 e6 5. Be2 Ne7 6. O-O Nd7 7.
Nbd2 h6 8. Nb3 g5 9. a4 Ng6 10. a5 a6 11. Be3 Be7 12. Ne1 Nf4 13. Bf3 h5 14. g3 Nh3+ 15. Kh1 g4 16. Bg2 h4 17.
Bxh3 gxh3 18. g4 Bg6 19. Nd3 Bg5 20. f4 Be4+ 21. Kg1 Be7 22. Nf2 Bg2 23. Re1 Rg8 24.
g5 Nf8 25. Qg4 Ng6 26. Nxh3 Be4 27. Qe2 Bf8 28. Nf2 Bf5 29. Ng4 Bxg4 30. Qxg4 Ne7 31. Nc5 Nf5 32. Nd3 Rc8 33. Bf2 Be7 34. Kh1 Rh8 35.
c3 h3 36. Rg1 Kd7 37. b4 Qg8 38. Raf1 Qg6 39. Rd1 Rcg8 40. Rge1 Kc8 41. Bg3 Rh5 42. Nf2 Rgh8 43. Rd3 Rh4 44. Bxh4 Rxh4 45. Qf3 Ng7 46.
Nxh3 Qh7 47. Kg2 Nf5 48. Kf2 Kd7 49. Rg1 Qg6 50. Ke2 Rh8 51. Kd2 Nh4 52. Qg4 Qh7 53.
Rf1 Qe4 54. Re3 Qg6 55. Rf2 Nf5 56. Rd3 Rh4 57. Qf3 Qh7 58. Qg2 Qh5 59. Ng1 Rg4 60.
Qf1 Rh4 61. h3 Qh7 62. Rg2 Bd8 63. Rg4 Rh5 64. Qg2 Ne7 65. Ne2 Qg6 66. Ng3 Rh7 67.
h4 Nf5 68. h5 Rxh5 69. Nxh5 Qxh5 70. Rh3 Qg6 71. Qh1 Ne7 72. Rgh4 Nf5 73. Rh8 Bxg5 74.
fxg5 Qxg5+ 75. Kc2 Ne3+ 76. Rxe3 Qxe3 77. Kb3 Qe2 78.
Rh2 Qc4+ 79. Kb2 c5 80. dxc5 Kc6 81. Rd2 Kb5 82. Qf3 Ka4 83. Qd1+ Kb5 84. Qe2 1-0

[Event "*** Titled Tuesday Blitz"]
[Site "Chess.com"]
[Date "2020.05.12"]
[Round "5"]
[White "124chess"]
[Black "Oglob71"]
[Result "1-0"]
[WhiteElo "2792"]
[BlackElo "2506"]
[TimeControl "180+1"]
[EndTime "10:57:27 PDT"]
[Termination "124chess won by resignation"]

1. e4 c5 2. Be2 Nc6 3. f4 e6 4. Nf3 d5 5. d3 Nf6 6. e5 Nd7 7. O-O Be7 8. c3 b5 9. Kh1 b4 10. c4 Nb6 11. Be3 Bb7 12. Nbd2 O-O 13. Rc1 dxc4 14.
dxc4 Nd4 15. Bxd4 cxd4 16. Bd3 Rc8 17. Qe2 g6 18. Ne4 Na4 19. Rfd1 Nc5 20. Nxc5 Bxc5 21.
Be4 Qb6 22. b3 Rfd8 23. Rd3 a5 24. Ng5 a4 25. Bxb7 Qxb7 26. Ne4 Be7 27. Rcd1 Qb6 28. h3 Kg7 29. Qd2 axb3 30. axb3 Ra8 31. Rxd4 Rxd4 32.
Qxd4 Qxd4 33. Rxd4 Ra1+ 34. Kh2 Rb1 35. Rd3 Re1 36.
Nd6 g5 37. Kg3 Rc1 38. Kf3 Kg6 39. g3 h5 40. Ne4 h4 41. gxh4 gxf4 42. Nd6 Bxh4 43.
Kxf4 Bg5+ 44. Ke4 f5+ 45. exf6 Kxf6 46. Rf3+ Ke7 47. Nb5 Re1+ 48. Kd3 Rd1+ 49. Ke4 Re1+ 50. Kd4 e5+ 51. Kd5 e4 52. Rg3 Bf6 53. Rg4 e3 54. Re4+ Kf7 55. Kc6 Bg5 56. c5 Rb1 57. Nd4 Kg6 58. h4 Bf6 59. Nc2 Rxb3 60. Nxe3 Rc3 61.
Nd5 Rb3 62. Rg4+ Kf5 63. Rf4+ Ke5 64. Rxf6 Rh3 65. Rf1 Rxh4 66. Nxb4 Rxb4 67. Rd1 Ke6 68. Kc7 Ke7 69. c6 Rb5 70. Re1+ Kf7 71. Kd7 Rd5+ 72. Kc8 Rd2 73. c7 Rb2 74. Re4 Rb5 75. Kd7 Rd5+ 76. Kc6 Rd1 77. c8=Q Rc1+ 78. Kd7 Rxc8 79. Kxc8 1-0

[Event "*** Titled Tuesday Blitz"]
[Site "Chess.com"]
[Date "2020.05.12"]
[Round "5"]
[White "mjray79"]
[Black "MaxVavulin"]
[Result "1/2-1/2"]
[WhiteElo "2275"]
[BlackElo "2632"]
[TimeControl "180+1"]
[EndTime "10:57:36 PDT"]
[Termination "Game drawn - timeout vs insufficient material"]

1. d4 Nf6 2. c4 e6 3. g3 c5 4. Bg2 cxd4 5. Nf3 Bb4+ 6. Bd2 Qb6 7. Nxd4 O-O 8. Nb3 Nc6 9. O-O d5 10. cxd5 exd5 11. Bg5 Ne4 12. Be3 Qd8 13. N1d2 Bf5 14. Nf3 Re8 15. Nfd4 Bg6 16. Nxc6 bxc6 17. Rc1 Qd7 18.
Bc5 Nxc5 19. Nxc5 Qd6 20. Qd4 a5 21. Bf3 Reb8 22. a3 Bxc5 23. Rxc5 a4 24. Rfc1 Ra6 25. e4 h6 26. exd5 cxd5 27. Bxd5 Kh7 28. Qc4 Rab6 29. Bxf7 Bxf7 30. Qxf7 Rxb2 31. Rc7 Qg6 32. Qc4 Rf8 33. Rf1 Qf5 34. Qd4 Qf6 35. Qxf6 Rxf6 36. Ra7 Rf3 37. Rxa4 Ra2 38. Ra8 Raxa3 39. Rxa3 Rxa3 40. Kg2 Ra5 41. Re1 h5 42. h4 g6 43. Kh3 Kg7 44. Re7+ Kf6 45.
Re3 Ra4 46. Rf3+ Ke6 47. Rf8 Ra3 48. Kg2 Rb3 49. Rg8 Kf6 50. Ra8 Rc3 51. Ra4 Kg7 52.
Rf4 Rb3 53. Rf3 Rb4 54. Re3 Ra4 55. Rf3 Rb4 56. Rf4 Rb3 57. Re4 Ra3 58. Re2 Rb3 59. Rd2 Ra3 60. Rc2 Rb3 61. Rc6 Ra3 62. Rb6 Rc3 63.
Rb4 Ra3 64. g4 hxg4 65. Rxg4 Kh6 66. Rb4 Kh5 67. Rc4 g5 68. hxg5 Kxg5 69. Rc5+ Kf6 70. Rh5 Kg6 71. Rh3 Rxh3 72. Kxh3 Kf5 73. Kg3 Kg5 74. Kf3 Kf5 75. Kg3 Kg5 76. Kg2 Kg4 77. Kf1 Kf3 78. Ke1 Kf4 79. Ke2 Ke4 1/2-1/2

[Event "*** Titled Tuesday Blitz"]
[Site "Chess.com"]
[Date "2020.05.12"]
[Round "5"]
[White "Pedrada88"]
[Black "Love_craft"]
[Result "0-1"]
[WhiteElo "2383"]
[BlackElo "2560"]
[TimeControl "180+1"]
[EndTime "10:57:37 PDT"]
[Termination "Love_craft won by resignation"]

1. Nf3 Nf6 2. g3 g6 3. Bg2 Bg7 4. d4 O-O 5. O-O d6 6. a4 c6 7.
a5 Na6 8. Nc3 d5 9. Ne5 Nd7 10.
Nxd7 Bxd7 11. e4 dxe4 12. Nxe4 Be6 13. c3 Bd5 14. Re1 Qd7 15. h4 Rad8 16. h5 Qf5 17. g4 Qc8 18. h6 Bh8 19. Bg5 Rfe8 20. Qc2 Qxg4 21. Bd2 e5 22. c4 Bxe4 23. Rxe4 Qf5 24. dxe5 Nc5 25. a6 Nxe4 26. Bxe4 Qg4+ 27. Bg2 b6 28.
Bc3 Qg5 29. Re1 Qxh6 30. Bxc6 Qg5+ 31. Kf1 Re7 32. Bd5 Bxe5 33. Bb4 Bd6 34. Rxe7 Bxe7 35. Bc3 Bf6 36. Bxf6 Qxf6 37. Qe2 Qd6 38. Qf3 Qe7 39.
b3 Re8 40. Qf4 Qe1+ 41. Kg2 Qe7 42. Kg1 Kg7 43. Kf1 Qf6 44. Qc7 Re7 45. Qb8 h5 46. Qg3 Qa1+ 47. Kg2 Qe5 48. Qf3 Qg5+ 49. Kf1 Qf6 50. Qg3 h4 51. Qg4 Qa1+ 52. Kg2 Qf6 53. Kf1 g5 54. Kg2 Qf4 55. Qh5 f5 56. Kf1 Qg4 57. Qxg4 fxg4 58. Bb7 Kf6 59. b4 Ke5 60. c5 bxc5 61. b5 Kd6 62. b6 axb6 63. a7 Re8 64. a8=Q Rxa8 65. Bxa8 b5 66. Be4 Ke5 67.
Bc2 c4 68. Ke2 Kf4 69. Bg6 b4 70. Bf7 c3 71. Bd5 g3 72. fxg3+ Kxg3 73. Kd3 h3 74. Kc2 Kh2 75. Kb3 g4 76. Kxb4 c2 0-1

[Event "*** Titled Tuesday Blitz"]
[Site "Chess.com"]
[Date "2020.05.12"]
[Round "5"]
[White "petincash"]
[Black "CakeinSpace2002"]
[Result "0-1"]
[WhiteElo "2366"]
[BlackElo "2225"]
[TimeControl "180+1"]
[EndTime "10:57:37 PDT"]
[Termination "CakeinSpace2002 won by checkmate"]

1. e4 g6 2. h4 Bg7 3. h5 d5 4. exd5 Qxd5 5. Nc3 Qa5 6. d4 c6 7. h6 Bf8 8. Bd2 Nf6 9. Bc4 Qc7 10. Nf3 Bg4 11. Rh4 Nbd7 12. Ng5 Bxd1 13. Bxf7+ Kd8 14. Ne6+ Kc8 15. Nxc7 Kxc7 16. Rxd1 e6 17. Kf1 Bd6 18. Bxe6 Rae8 19. Bh3 Rhf8 20. Re1 Rd8 21. Kg1 Nb6 22. Bg5 Ra8 23. Ne4 Nxe4 24. Rhxe4 Nc4 25. Be7 Rh8 26. Bxd6+ Kxd6 27. Re6+ Kc7 28. Re7+ Kb6 29. b3 Na3 30. c4 Rad8 31. c5+ Ka6 32. Bd7 Nc2 33. R1e4 Nb4 34. Rg7 Nxa2 35. f4 Nc3 36. Re1 Nd5 37. g3 Kb5 38. Bh3 b6 39. Bf1+ Kb4 40. Rxa7 bxc5 41. dxc5 Kxc5 42. Kf2 Rb8 43. Rc1+ Kd6 44. Bc4 Nf6 45.
Rd1+ Kc5 46. Kf3 Rhe8 47. Ra5+ Kb4 48. Ra6 Kc5 49. Ra5+ Kb4 50. Ra7 Ne4 51. g4 Nc3 52. Rd2 Re1 53. Rxh7 Rbe8 54. Kg2 R8e3 55. Rb7+ Kc5 56.
h7 Re8 57. Kf2 Rh1 58. Bd3 Rh6 59. b4+ Kd4 60. Bxg6+ Kc4 61. g5 Rxg6 62. Re7 Rxe7 63. h8=Q Ne4+ 64. Ke2 Nxd2+ 65. Kxd2 Rd6+ 66. Kc2 Re2+ 67. Kc1 Rd3 68. Qg8+ Kc3 69. Qg7+ Kb3 70. Qf7+ Kc3 71.
Qf6+ Kb3 72. Qxc6 Rc3+ 73. Qxc3+ Kxc3 74. g6 Re1# 0-1

[Event "*** Titled Tuesday Blitz"]
[Site "Chess.com"]
[Date "2020.05.12"]
[Round "5"]
[White "PavelShkapenko"]
[Black "AnishGiri"]
[Result "0-1"]
[WhiteElo "2632"]
[BlackElo "3024"]
[TimeControl "180+1"]
[EndTime "10:57:38 PDT"]
[Termination "AnishGiri won on time"]

1. e4 c5 2. c3 Nf6 3. e5 Nd5 4. d4 cxd4 5. cxd4 d6 6. Nf3 dxe5 7. dxe5 Nc6 8. Bc4 Nb6 9. Qxd8+ Nxd8 10. Bb3 g6 11. h3 Bg7 12. Bf4 O-O 13. Nc3 Be6 14. O-O Bxb3 15. axb3 Ne6 16. Be3 Nd7 17. Nd5 Rfe8 18.
Nf4 Nxf4 19. Bxf4 Nc5 20. Ra3 Nd3 21. Be3 Nxe5 22. Nxe5 Bxe5 23. Rxa7 Rxa7 24. Bxa7 Bxb2 25. Rd1 Ba3 26. Rd7 b5 27. Rb7 Ra8 28. g3 Bd6 29. b4 Bxb4 30. Rxb5 Bd6 31. Bc5 Ra1+ 32. Kg2 Rd1 33.
Be3 Kg7 34. g4 f6 35. Rb2 Kf7 36. Rc2 Rd5 37. Kf3 Rb5 38. Rc8 Rb1 39. Kg2 Rb5 40. Kf3 Ra5 41. Kg2 Kg7 42. Kf3 h5 43. Rd8 Ra4 44.
Rc8 Rb4 45. Ra8 Rc4 46. Rd8 g5 47. gxh5 Rh4 48. Kg2 Rxh5 49. Ra8 Rh4 50. Ra7 Rc4 51. Ra5 Kg6 52. Ra7 Kf5 53. Ra5+ Ke4 54. Ra6 Rb4 55. Rc6 Kd3 56. Ra6 Rc4 57. Rb6 Ke4 58. Ra6 Rc2 59.
Ra4+ Kf5 60. Ra5+ Kg6 61. Ra6 Rc7 62. Rb6 Rc4 63. Ra6 Rh4 64. Rb6 Rh8 65. Ra6 Kf7 66.
Rb6 Ra8 67. Rc6 Ra4 68. Rb6 Re4 69. Rc6 Be5 70. Ra6 Rc4 71. Rb6 Rc8 72. Ra6 Bd6 73. Kf3 Kg6 74. Kg2 f5 75. Rb6 f4 76. Bd4 Kf5 77. Rb5+ Ke4 78. Bb2 f3+ 79. Kf1 Rc2 80.
Rb3 Bc5 81. Rc3 Rxf2+ 82. Ke1 Re2+ 83. Kf1 Rxb2 84. Rxc5 Kf4 85. Rc4+ Kf5 86. Rc3 Ke4 87. Rc4+ Kd3 88. Rg4 Ke3 0-1

[Event "*** Titled Tuesday Blitz"]
[Site "Chess.com"]
[Date "2020.05.12"]
[Round "5"]
[White "Zubrrr"]
[Black "Stronger1799"]
[Result "1/2-1/2"]
[WhiteElo "2633"]
[BlackElo "2299"]
[TimeControl "180+1"]
[EndTime "10:57:41 PDT"]
[Termination "Game drawn by repetition"]

1. d4 Nf6 2. c4 g6 3. g3 Bg7 4.
Bg2 d5 5. cxd5 Nxd5 6. Nf3 O-O 7.
Nc3 Nc6 8. O-O Nb6 9. e3 Re8 10. Qe2 e5 11. Nxe5 Nxe5 12. dxe5 Bxe5 13. Rd1 Qe7 14.
f4 Bg7 15. e4 Be6 16. e5 c6 17. Ne4 h5 18. h3 Bc4 19. Qf2 Bd5 20. Be3 Nc4 21. Bc5 Qe6 22. Ng5 Qf5 23. Rxd5 cxd5 24. Bxd5 Nxe5 25. fxe5 Rxe5 26. Bxf7+ Kh8 27. Qxf5 Rxf5 28.
Be3 Bf6 29. Bxg6 Bxg5 30. Bxf5 Bxe3+ 31. Kg2 Rf8 32. g4 hxg4 33. hxg4 Rd8 34. Kf3 Bg5 35.
Rh1+ Kg8 36. Rh7 Rd2 37. Rxb7 a5 38. a4 Bf6 39. Be6+ Kh8 40. b3 Rd4 41. Bc4 Bd8 42. Rb5 Kg7 43. Rf5 Kg6 44. Bf7+ Kg7 45. Bd5 Kg6 46. Be4 Kg7 47. Rb5 Bc7 48. Rb7 Rd7 49. Bf5 Re7 50. g5 Bd8 51. Rb8 Bc7 52. Rb7 Bd8 53. Rb5 Bc7 54. Kg4 Re5 55. Rb7 Re7 56. Ra7 Bd8 57. Ra6 Bc7 58. Rg6+ Kf7 59. Rf6+ Kg7 60. Rh6 Be5 61. Rh7+ Kf8 62. Rh3 Kg7 63.
Kh5 Bd6 64. Rf3 Re5 65. Bg6 Be7 66. Rf7+ Kg8 67. Rf5 Rxf5 68. Bxf5 Kg7 69. Kg4 Bb4 70. Kf4 Bc3 71. Ke4 Bb4 72. Kd5 Bc3 73. Kc4 Bb4 74. Be4 Bd2 75. g6 Bb4 76. Bd3 Bd2 77. Kb5 Bb4 78. Kc4 Bd2 79. Kd4 Bb4 80. Ke3 Be1 81. Be4 Bb4 82. Ke2 Bc5 83. Kd3 Bb4 84.
Kc4 Bd2 85. Kd3 Bb4 86. Kd4 Be1 87. Kc4 Bb4 88. Kb5 Bd2 89. Kc4 Bb4 1/2-1/2

[Event "*** Titled Tuesday Blitz"]
[Site "Chess.com"]
[Date "2020.05.12"]
[Round "5"]
[White "Rozum_Ivan"]
[Black "David_Paravyan"]
[Result "0-1"]
[WhiteElo "2608"]
[BlackElo "2901"]
[TimeControl "180+1"]
[EndTime "10:57:45 PDT"]
[Termination "David_Paravyan won on time"]

1. d4 Nf6 2. Nf3 d5 3. c4 e6 4. g3 Bb4+ 5. Bd2 a5 6. Bg2 O-O 7. O-O dxc4 8. Qc2 Bxd2 9. Nbxd2 b5 10. a4 c6 11. b3 cxb3 12. Nxb3 b4 13. Ne5 Nd5 14. e4 Nc3 15. Rfe1 Bb7 16. Nc4 Nd7 17. e5 Qc7 18. Nd6 Ra7 19. Nc5 Ba8 20. h4 Qb6 21. Nde4 Nxe4 22. Bxe4 h6 23. Rac1 Rd8 24. Qb2 Rc7 25. Bb1 Qb8 26. Qc2 Nf8 27. Na6 Qb6 28. Nxc7 Qxc7 29. Qc5 Rd5 30. Qc4 Qd8 31. Red1 c5 32. Be4 Rxd4 33. Rxd4 cxd4 34. Bxa8 Qxa8 35. Qxd4 h5 36. Rc5 Ng6 37. Qc4 Kh7 38. Qe2 Qd8 39.
Qxh5+ Kg8 40. Qf3 Ne7 41. Rb5 Nd5 42. Qd3 Qc7 43. Qd2 Nc3 44. Qd6 Nxb5 45. axb5 Qc1+ 46.
Kg2 b3 47. b6 b2 48. b7 b1=Q 49. b8=Q+ Qxb8 50. Qxb8+ Kh7 51. Qb7 Qc4 52. Qxf7 Qd5+ 53. Kg1 Qxe5 54. Qa7 Qd5 55. Qa6 Qd1+ 56. Kg2 Qd5+ 57. Kg1 Qd1+ 58. Kg2 a4 59. Qxe6 Qc2 60. Qg4 Qc6+ 61. Kh2 a3 62. Qh5+ Kg8 63. Qa5 Qc1 64. Qd5+ Kh7 65. Qh5+ Kg8 66. Qe8+ Kh7 67. Qh5+ Qh6 68.
Qf5+ Qg6 69. Qa5 Qd6 70. Qh5+ Kg8 71. Qe8+ Kh7 72. Qh5+ Kg8 73. Qe8+ Qf8 74. Qe6+ Kh8 75. Qa6 Qxf2+ 76. Kh3 Qf5+ 77. Kh2 Qc2+ 78. Kh3 a2 79.
Qa8+ Kh7 80. h5 Qb1 81. h6 a1=Q 0-1